 Dungeon Crawl Stone Soup version 0.30-a0-964-gd452b5e7fa (webtiles) character file.

Game seed: 3907175525775593723

6 vishdafish the Conjurer (level 1, -1/13 HPs)
             Began as a Demonspawn Conjurer on Mar 30, 2023.
             Slain by a quokka (3 damage)
             ... on level 1 of the Dungeon.
             The game lasted 00:00:18 (317 turns).

vishdafish the Conjurer (Demonspawn Conjurer)        Turns: 317, Time: 00:00:19

Health: -1/13      AC:  2    Str:  7    XL:     1   Next: 75%
Magic:  0/3        EV: 12    Int: 19    God:
Gold:   32         SH:  0    Dex: 11    Spells: 3/4 levels left

rFire   . . .      SeeInvis .    (no weapon)
rCold   . . .      Faith    .    (no shield)
rNeg    . . .      Spirit   .    a - +0 robe
rPois   .          Reflect  .    (no helmet)
rElec   .          Rampage  .    (no cloak)
rCorr   .                        (no gloves)
Will    .....                    (no boots)
Stlth   ++                       (no amulet)
HPRegen 0.22/turn                (no ring)
MPRegen 0.08/turn                (no ring)

@: no status effects
A: no striking features
a: no special abilities


You were on level 1 of the Dungeon.
You visited 1 branch of the dungeon, and saw 1 of its levels.

You collected 32 gold pieces.

Inventory:

Armour
 a - a +0 robe (worn)
Scrolls
 c - a scroll of fear {unknown}
 d - 3 scrolls of identify {unknown}


   Skills:
 - Level 1.7 Dodging
 - Level 1.7 Stealth
 + Level 2.2 Spellcasting
 + Level 4.1 Conjurations


You had 3 spell levels left.
You knew the following spells:

 Your Spells              Type           Power      Damage    Failure   Level
a - Magic Dart            Conj           72%        1d6       3%          1

Your spell library contained the following spells:

 Spells                   Type           Power      Damage    Failure   Level
 Searing Ray              Conj           36%        2d5       4%          2
 Dazzling Flash           Conj/Hex       20%        N/A       22%         3
 Fulminant Prism          Conj/Hex       5%         3d7       56%         4
 Iskenderun's Mystic Bla  Conj/Tloc      10%        2d4       56%         4


Dungeon Overview and Level Annotations

Branches:
Dungeon (1/15)

Altars:


Message History

The magic dart hits the hobgoblin.
The hobgoblin is almost dead.
The magic dart hits the hobgoblin.
You kill the hobgoblin!
You are out of magic!
A quokka comes into view.
A quokka is nearby!
A quokka is nearby!
A quokka is nearby!
You are out of magic!
You are out of magic!
The quokka barely misses you. Magic courses through your body.
The quokka bites you. The quokka completely misses you.
The magic dart hits the quokka.
The quokka is heavily wounded.
The quokka bites you.
The magic dart hits the quokka but does no damage.
The quokka is heavily wounded.
The quokka closely misses you.
The magic dart hits the quokka.
The quokka is severely wounded.
The quokka misses you.
The magic dart hits the quokka.
The quokka is almost dead.
The quokka bites you but does no damage.
You are out of magic!
You are out of magic!
You don't have enough magic to cast this spell.
You barely miss the quokka.
The quokka is severely wounded.
The quokka barely misses you. The quokka bites you.
You closely miss the quokka.
The quokka is severely wounded.
The quokka bites you.
* * * LOW HITPOINT WARNING * * *
You hit the quokka but do no damage.
The quokka is severely wounded.
The quokka bites you.
You die...

##.## ...#
...##### ##..##..
#.#...##.#
#.#†.###.###
#.#........#
#.#.###r##.#
#####.#.#..@# ..#
........#.####..#
#####.#.........#
#.....##### # ###
#...#....# ...
##.##....# ###.#
#.##....# ....#
#.##....# ###.#
#.......#


You could see a quokka.

Vanquished Creatures
  3 hobgoblins (D:1)
  2 ball pythons (D:1)
  A rat (D:1)
6 creatures vanquished.

Notes
Turn   | Place    | Note
-------+----------+-------------------------------------------
     0 | D:1      | vishdafish the Demonspawn Conjurer began the quest for the
                  | Orb.
     0 | D:1      | Reached XP level 1. HP: 13/13 MP: 3/3
   317 | D:1      | Slain by a quokka

Illustrated notes

Levels and vault maps discovered:
D:1:      minmay_arrival_split_and_join, layout_basic

Action                     || total
---------------------------++-------
  Melee: Unarmed           ||     3
   Cast: Magic Dart        ||    15
    Use: Potion            ||     1
 Armour: Robe              ||     1
  Dodge: Dodged            ||     5

Table legend: (Time is in decaauts)
 A = Elapsed time spent in this place.
 B = Non-inter-level travel time spent in this place.
 C = Inter-level travel time spent in this place.
 D = Time resting spent in this place.
 E = Time spent auto-exploring this place.
 F = Levels seen in this place.
 G = Mean time per level.
                   A        B        C        D        E       F      G
               +--------+--------+--------+--------+--------+-----+--------+
         Total |    317 |    317 |      0 |      0 |    282 |   1 |  317.0 |
       Dungeon |    317 |    317 |      0 |      0 |    282 |   1 |  317.0 |
               +--------+--------+--------+--------+--------+-----+--------+

Top non-repeatable levels by time:
     D:1: 317 daAuts
